 Dungeon Crawl Stone Soup version 0.30-a0-652-gcc886f7154 (webtiles) character file.

Game seed: 1859736082097850540

67 Newt the Shooter (level 4, -1/29 HPs)
             Began as a Kobold Hunter on Jan 17, 2023.
             Was an Initiate of Qazlal.
             Slain by an adder (3 damage)
             ... on level 3 of the Dungeon.
             The game lasted 00:01:33 (1525 turns).

Newt the Shooter (Kobold Hunter)                    Turns: 1525, Time: 00:01:33

Health: -1/29      AC:  3    Str:  8    XL:     4   Next: 40%
Magic:  4/4        EV: 14    Int: 16    God:    Qazlal [......]
Gold:   68         SH:  0    Dex: 20    Spells: 3/3 levels left

rFire   . . .      SeeInvis .    a - +1 shortbow
rCold   . . .      Faith    .    (shield currently unavailable)
rNeg    . . .      Spirit   .    c - +0 leather armour
rPois   .          Reflect  .    (no helmet)
rElec   .          Harm     .    (no cloak)
rCorr   .          Rampage  .    (no gloves)
Will    .....                    (no boots)
Stlth   +++                      (no amulet)
HPRegen 0.24/turn                h - +6 ring of intelligence
MPRegen 0.09/turn                (no ring)

@: no status effects
A: small, no large weapons, nightstalker 3
a: Renounce Religion


You were on level 3 of the Dungeon.
You worshipped Qazlal.
Qazlal was noncommittal.
You visited 1 branch of the dungeon, and saw 3 of its levels.

You collected 68 gold pieces.

Inventory:

Hand Weapons
 a - a +1 shortbow (weapon)
Armour
 c - a +0 leather armour (worn)
Jewellery
 h - a +6 ring of intelligence (left hand)
 k - the ring "Ciedghiu" {Str-2 Int+10 Dex+6 Slay+5}
   (You took it off a hobgoblin on level 2 of the Dungeon)

   [ring of dexterity]

   Str:       It affects your strength (-2).
   Int:       It affects your intelligence (+10).
   Dex:       It affects your dexterity (+6).
   Slay:      It affects your accuracy & damage with ranged weapons and melee
   (+5).
Scrolls
 b - a scroll of immolation
 j - a scroll of identify {unknown}
Potions
 d - a potion of haste {unknown}
 f - a potion of flight {unknown}
 g - 2 potions of degeneration {unknown}
 i - a potion of might {unknown}


   Skills:
 - Level 4.0 Fighting
 + Level 5.6 Ranged Weapons
 - Level 2.4 Dodging
 - Level 3.0 Stealth


You had 3 spell levels left.
You didn't know any spells.
Your spell library contained the following spells:

 Spells                   Type           Power      Damage    Failure   Level
 Necrotise                Necr           0%         1d4       36%         1
 Vampiric Draining        Necr           0%         2d6       73%         3
 Agony                    Necr           0%         N/A       100%        5
 Blade Hands              Tmut           0%         N/A       100%        5
 Haunt                    Necr/Summ      0%         N/A       100%        7
 Necromutation            Tmut/Necr      0%         N/A       100%        8


Dungeon Overview and Level Annotations

Branches:
Dungeon (3/15)

Altars:
Qazlal


Innate Abilities, Weirdness & Mutations

You are small and have problems with some larger weapons.
You are completely attuned to the shadows.


Message History

You are too injured to fight recklessly!
You are too injured to fight recklessly!
You are too injured to fight recklessly!
You are too injured to fight recklessly!
You are too injured to fight recklessly!
You are too injured to fight recklessly!
You are too injured to fight recklessly!
You are too injured to fight recklessly!
You are too injured to fight recklessly!
You are too injured to fight recklessly!
You are too injured to fight recklessly!
You are too injured to fight recklessly!
You are too injured to fight recklessly!
You feel sick. The hobgoblin attacks as you move away!
The hobgoblin closely misses you.
You feel sick.
The giant cockroach attacks as you move away!
The giant cockroach closely misses you.
You feel sick. The adder bites you. The hobgoblin attacks as you move away!
The hobgoblin hits you but does no damage.
You feel sick. The hobgoblin attacks as you move away! The hobgoblin hits you.
* * * LOW HITPOINT WARNING * * *
You feel sick. The adder attacks as you move away!
The adder closely misses you.
You feel sick. The adder attacks as you move away!
The adder completely misses you. The hobgoblin attacks as you move away!
The hobgoblin hits you but does no damage.
You feel sick.
You are no longer poisoned.
The adder bites you.
* * * LOW HITPOINT WARNING * * *
The adder attacks as you move away! The adder bites you but does no damage.
The giant cockroach waves its antennae.
There is a stone staircase leading up here.
The adder bites you but does no damage.
The hobgoblin hits you but does no damage.
The adder bites you.
You die...

#######*******
##.....##..,,,**
*********##.....@..).,,,,**
,,,,,,,,*#/....SgB...,,,,,*
,,,,,,,,*#...........,,,,,*
,,,,,,.,*#.....$.....,,,,,*
,,,,....##...........,,,,,*
,,,..........$......,,,,,,*
,,,.....##.........,,,,,,,*
,,,...............,,,,,,,**
,,,...†....#.....**,,,,,**


You could see an adder, a giant cockroach and a hobgoblin.

Vanquished Creatures
  3 adders
  A worm (D:2)
  2 bats (D:2)
  2 endoplasms
  5 goblins
  7 hobgoblins
  4 jackals (D:1)
  3 quokkas
  3 ball pythons (D:2)
  A frilled lizard (D:1)
  A kobold (D:1)
  2 rats
34 creatures vanquished.

Notes
Turn   | Place    | Note
-------+----------+-------------------------------------------
     0 | D:1      | Newt the Kobold Hunter began the quest for the Orb.
     0 | D:1      | Reached XP level 1. HP: 12/12 MP: 1/1
   109 | D:1      | Reached XP level 2. HP: 12/17 MP: 2/2
   745 | D:2      | Reached XP level 3. HP: 22/22 MP: 3/3
  1116 | D:2      | Found a stormy altar of Qazlal.
  1176 | D:2      | Became a worshipper of Qazlal Stormbringer
  1257 | D:2      | Reached XP level 4. HP: 29/29 MP: 4/4
  1360 | D:2      | Identified the ring "Ciedghiu" {Str-2 Int+10 Dex+6 Slay+5}
  1423 | D:2      | Got the Guidebook on Death and the Switch
  1522 | D:3      | HP: 1/29 [adder (4)]
  1525 | D:3      | Slain by an adder

Illustrated notes

Levels and vault maps discovered:
D:1:      dpeg_arrival_round_b, layout_basic, minmay_misc_feat_more_columns
D:2:      layout_basic, basic_altar
D:3:      layout_rooms, shapermc_ecumenical_altar_flowoftime,
          cheibrodos_sewer_entry_drain, serial_bayou, serial_bayou_lagoon_b,
          serial_bayou_ford_a, serial_bayou_pond_d, serial_bayou_shore_b

Skill      XL: |  1  2  3  4 |
---------------+-------------+-----
Stealth        | 2 3 |  3.0
Fighting       | 3 4 |  4.0
Ranged Weapons | |  5.6
Dodging        | |  2.4

Action                   |  1- 3 |  4- 6 || total
-------------------------+-------+-------++-------
 Fire: Shortbow          |    71 |    17 ||    88
  Use: Scroll            |     3 |     1 ||     4
       Potion            |     1 |       ||     1
Armor: Leather armour    |     5 |     9 ||    14
Dodge: Dodged            |    30 |    20 ||    50

Table legend: (Time is in decaauts)
 A = Elapsed time spent in this place.
 B = Non-inter-level travel time spent in this place.
 C = Inter-level travel time spent in this place.
 D = Time resting spent in this place.
 E = Time spent auto-exploring this place.
 F = Levels seen in this place.
 G = Mean time per level.
                   A        B        C        D        E       F      G
               +--------+--------+--------+--------+--------+-----+--------+
         Total |   1549 |   1507 |     42 |    304 |   1000 |   3 |  516.3 |
       Dungeon |   1549 |   1507 |     42 |    304 |   1000 |   3 |  516.3 |
               +--------+--------+--------+--------+--------+-----+--------+

Top non-repeatable levels by time:
     D:2: 776 daAuts
     D:1: 744 daAuts
     D:3: 28 daAuts
